 Dungeon Crawl Stone Soup version 0.31.0-11-ge490571c62 (webtiles) character file.

Game seed: 621527258601398162

15121 Minsecho the Blocker (level 12, -1/119 HPs)
             Began as an Oni Gladiator on Feb 10, 2024.
             Was an Elder of Nemelex Xobeh.
             Incinerated by a smoke demon (9 damage)
             ... with a pyre arrow
             ... on level 12 of the Dungeon.
             The game lasted 00:31:37 (14617 turns).

Minsecho the Blocker (Oni Gladiator)               Turns: 14617, Time: 00:31:38

Health: -1/119     AC: 12    Str: 23    XL:     12   Next: 23%
Magic:  19/19      EV: 16    Int: 11    God:    Nemelex Xobeh [****..]
Gold:   673        SH:  0    Dex: 16    Spells: 18/20 levels left

rFire   . . .        d - +3 flail
rCold   . . .        H - +0 kite shield {AC+3}
rNeg    . . .        T - +0 acid dragon scales
rPois   .            n - +1 hat
rElec   .            x - +0 cloak {Will+}
rCorr   +            (gloves unavailable)
SInv    .            (boots unavailable)
Will    ++...        a - amulet "Gootwyerph" {Reflect SH+5 Stlth+}
Stlth   +            s - +6 ring of dexterity
HPRegen 0.39/turn    Q - +5 ring of evasion
MPRegen 0.16/turn

%: reflection
@: confused, on fire, ambrosia-drunk, glowing
A: large, unfitting armour, horns 1, tough skin 1, double potion healing,
drunken brawling
a: Renounce Religion, Draw Escape, Draw Destruction, Draw Summoning, Triple
Draw, Deal Four


You were on level 12 of the Dungeon.
You worshipped Nemelex Xobeh.
Nemelex Xobeh was greatly pleased with you.
You visited 2 branches of the dungeon, and saw 13 of its levels.

You collected 830 gold pieces.
You spent 157 gold pieces at shops.

Inventory:

Hand Weapons
 d - a +3 flail (weapon)
 y - a +0 hand axe of flaming
 L - a +2 dire flail of draining
Missiles
 t - 9 atropa-tipped darts
 w - 5 curare-tipped darts
 z - 2 boomerangs
 D - 52 poisoned darts
 I - 2 throwing nets
 R - 7 large rocks (quivered)
Armour
 b - a +0 robe
 n - a +1 hat (worn)
 q - a +0 tower shield
 x - a +0 cloak of willpower (worn)
 H - a +0 kite shield of protection (worn)
 T - +0 acid dragon scales (worn)
Jewellery
 a - the amulet "Gootwyerph" (around neck) {Reflect SH+5 Stlth+}
   (You found it on level 8 of the Dungeon)

   [amulet of reflection]

   Reflect:   It reflects blocked missile attacks.
   SH+5:      It affects your SH (+5).
   Stlth+:    It makes you more stealthy.
 s - a +6 ring of dexterity (left hand)
 F - a ring of ice
 K - a ring of willpower
 M - a +6 ring of intelligence
 P - a ring of magical power
 Q - a +5 ring of evasion (right hand)
Talismans
 v - a maw talisman
Wands
 J - a wand of flame (2)
 O - a wand of roots (7)
Scrolls
 c - 2 scrolls of teleportation
 i - a scroll of enchant weapon
 k - 4 scrolls of vulnerability
 o - a scroll of acquirement {unknown}
 r - a scroll of revelation {unknown}
 u - 2 scrolls of fear {unknown}
 B - 2 scrolls of poison
 G - a scroll of enchant armour {unknown}
 N - a scroll of fog {unknown}
Potions
 e - a potion of might
 f - 3 potions of haste
 g - 3 potions of lignification
 h - a potion of magic
 l - 3 potions of enlightenment
 m - 3 potions of mutation {unknown}
 p - 2 potions of heal wounds {unknown}
 C - a potion of cancellation
 E - a potion of brilliance


   Skills:
 + Level 7.9 Fighting
 + Level 9.1 Maces & Flails
 + Level 4.7 Throwing
 * Level 2.5 Armour
 + Level 6.8 Dodging
 - Level 1.0 Stealth
 + Level 9.9 Shields
 * Level 4.6 Spellcasting
 + Level 4.0 Translocations
 * Level 8.1 Invocations


You had 18 spell levels left.
You knew the following spells:

 Your Spells              Type           Power      Damage    Failure   Level
b - Blink                 Tloc           22%        N/A       14%         2

Your spell library contained the following spells:

 Spells                   Type           Power      Damage    Failure   Level
 Lesser Beckoning         Tloc           22%        N/A       14%         2
 Momentum Strike          Conj/Tloc      12%        3d8       32%         2
 Necrotise                Necr           8%         1d4       45%         1
 Volatile Blastmotes      Fire/Tloc      12%        2d11      54%         3
 Vampiric Draining        Necr           2%         2d6       83%         3
 Dimensional Bullseye     Hex/Tloc       3%         N/A       91%         4
 Iskenderun's Mystic Bla  Conj/Tloc      6%         2d4       91%         4
 Brom's Barrelling Bould  Conj/Erth      2%         2d3       99%         4
 Fulminant Prism          Conj/Alch      1%         3d5       99%         4
 Martyr's Knell           Necr/Summ      2%         N/A       99%         4
 Curse of Agony           Necr           2%         N/A       100%        5
 Fireball                 Conj/Fire      1%         3d3       100%        5
 Iskenderun's Battlesphe  Conj           2%         2d6       100%        5
 Conjure Ball Lightning   Conj/Air       1%         3x3d6     100%        6
 Sculpt Simulacrum        Ice/Alch       1%         N/A       100%        6
 Orb of Destruction       Conj           1%         9d5       100%        7


Dungeon Overview and Level Annotations

Branches:
Dungeon (12/15)            Temple (1/1) D:4            Lair (0/5) D:10
    Orc (0/2) D:11

Altars:
Ashenzari
Cheibriados
Dithmenos
Elyvilon
Fedhas
Gozag
Hepliaklqana
Kikubaaqudgha
Makhleb
Nemelex Xobeh
Qazlal
Ru
Sif Muna
Trog
Uskayaw
Vehumet
Wu Jian
Xom
Yredelemnul
Zin
The Shining One

Shops:
D:9 [

Annotations:
D:11 1 runed translucent door, VoidStrider's ghost, journeyman TeAE


Innate Abilities, Weirdness & Mutations

You are too large for most types of armour.
You have a pair of small horns on your head.
You have tough skin. (AC +1)
You gain doubled healing and magic from potions.
Whenever you drink a healing potion, you attack all around you.


Message History

You barely miss the smoke demon. You headbutt the smoke demon.
The smoke demon is heavily wounded.
The liquid fire burns you!
You block the ufetubus's attack. x2; You block the smoke demon's attack.
The smoke demon misses you.
The smoke demon hits you but does no damage.
The ufetubus barely misses you. The ufetubus closely misses you.
You thump the smoke demon!
The smoke demon is severely wounded.
The liquid fire burns you! You block the ufetubus's attack.
The ufetubus barely misses you. You block the smoke demon's attack.
The smoke demon hits you but does no damage.
You block the smoke demon's attack.
You hit the smoke demon.
The smoke demon is almost dead.
The liquid fire burns you!
* * * LOW HITPOINT WARNING * * *
Your surroundings suddenly seem different.
Unknown command.
You are on fire!
You are on fire!
You shake off some of the fire as you move.
The liquid fire burns you!
* * * LOW HITPOINT WARNING * * *
You shake off some of the fire as you move.
The liquid fire burns you!
* * * LOW HITPOINT WARNING * * *
You shake off some of the fire as you move.
The liquid fire burns you!
* * * LOW HITPOINT WARNING * * *
You savour every drop.
You feel better. The liquid fire burns you!
* * * LOW HITPOINT WARNING * * *
Okay, then.
You are confused.
You savour every drop.
You feel invigorated. The liquid fire burns you!
You die...
Your body glows with a rainbow of weird colours and disappears.

##..# #..# ##...
#..## #.## ###.
###'####### #.#
###### ..........#
###'######## #.....
..........#
#..รท.......# #.....
..........#
#..........# #.....
..........#
#..........# #.....
..........#
+..........#####.....
..........+
#...@..>...##........
..........#
#..........##.##.....
#######'###
#..........##.##.....
#...<..#
#..........'..##.....
#.######
#..........#####.....
########+### ######.
#.# #...... #.#
###.##### #.#
#........


There were no monsters in sight!

Vanquished Creatures
  2 two-headed ogres
  A boulder beetle (D:12)
  A death yak (D:8)
  A tengu warrior (D:10)
  2 cyclopes
  3 unseen horror zombies (D:9)
  3 kobold demonologists
  A polar bear (D:10)
  12 yaks
  2 shadows
  2 wraiths (D:9)
  3 unseen horror simulacra (D:8)
  A basilisk (D:12)
  3 acid dragons
  2 water moccasins
  4 ice beasts (D:10)
  A hornet zombie (D:9)
  2 orc warriors (D:9)
  2 sky beasts
  A wolf (D:8)
  An ogre (D:5)
  5 centaurs
  12 kobold brigands
  Blork the orc (D:6)
  A gnoll sergeant (D:9)
  A bullfrog (D:8)
  A scorpion (D:4)
  12 wights (D:9)
  6 killer bees (D:11)
  An electric eel (D:8)
  4 howler monkeys
  5 bombardier beetles
  6 centaur zombies (D:9)
  A jelly (D:4)
  2 hounds (D:6)
  6 orc priests
  2 sleepcaps (D:6)
  5 iguanas
  5 orc wizards
  A centaur simulacrum (D:8)
  Robin (D:2)
  A howler monkey zombie (D:9)
  5 gnolls (D:9)
  6 adders
  A shadow imp (D:6)
  A white imp (D:8)
  A howler monkey simulacrum (D:8)
  A dart slug (D:4)
  2 ribbon worms
  23 orcs
  6 ball pythons
  3 bats
  3 endoplasms
  3 giant cockroaches
  12 goblins
  11 hobgoblins
  3 jackals (D:1)
  20 kobolds
  A quokka (D:1)
  3 frilled lizards
  6 rats
240 creatures vanquished.

Vanquished Creatures (collateral kills)
  A rime drake (D:10)
  5 yaks (D:10)
  An ice beast (D:8)
  4 wolves
  2 kobold brigands
  A wight (D:9)
  2 electric eels (D:8)
  2 white imps (D:8)
  5 kobolds (D:8)
23 creatures vanquished.

Vanquished Creatures (others)
  3 kobolds (D:9)
3 creatures vanquished.

Grand Total: 266 creatures vanquished

Notes
Turn   | Place    | Note
-------+----------+-------------------------------------------
     0 | D:1      | Minsecho the Oni Gladiator began the quest for the Orb.
     0 | D:1      | Reached XP level 1. HP: 22/22 MP: 1/1
   126 | D:1      | Reached XP level 2. HP: 26/29 MP: 2/2
   669 | D:2      | Reached XP level 3. HP: 36/36 MP: 3/3
   951 | D:2      | Found an ancient bone altar of Kikubaaqudgha.
  1357 | D:2      | Noticed Robin
  1837 | D:1      | Reached XP level 4. HP: 23/45 MP: 4/4
  1931 | D:2      | Killed Robin
  2175 | D:3      | Reached skill level 1 in Shields
  2359 | D:3      | Reached XP level 5. HP: 16/53 MP: 5/5
  3058 | D:4      | Found a sacrificial altar of Ru.
  3074 | D:4      | Reached XP level 6. HP: 61/61 MP: 6/6
  3451 | D:4      | Found a staircase to the Ecumenical Temple.
  3590 | Temple   | Entered the Ecumenical Temple
  3631 | Temple   | Became a worshipper of Nemelex Xobeh the Trickster
  3678 | D:5      | Entered Level 5 of the Dungeon
  3678 | D:5      | Noticed a water moccasin
  3685 | D:5      | Killed a water moccasin
  3686 | D:5      | Reached skill level 5 in Maces & Flails
  3699 | D:4      | Reached skill level 1 in Stealth
  3699 | D:4      | Reached XP level 7. HP: 22/68 MP: 7/7
  3890 | D:5      | Found a shadowy altar of Dithmenos.
  4680 | D:5      | Reached * piety under Nemelex Xobeh
  4789 | D:5      | Reached skill level 1 in Invocations
  4829 | D:5      | Received a gift from Nemelex Xobeh
  5100 | D:5      | Reached XP level 8. HP: 79/79 MP: 8/8
  5503 | D:6      | Found a broken altar of Ashenzari.
  5534 | D:6      | Found an opulent altar of Gozag.
  5610 | D:6      | Noticed Blork the orc
  5634 | D:6      | Killed Blork the orc
  5874 | D:6      | Found a hide-covered altar of Uskayaw.
  5897 | D:6      | Reached ** piety under Nemelex Xobeh
  6195 | D:6      | Found a shimmering altar of Xom.
  6419 | D:7      | Reached skill level 5 in Fighting
  6419 | D:7      | Reached skill level 5 in Shields
  6604 | D:7      | You fall into a shaft and drop 3 floors!
  6604 | D:10     | Entered Level 10 of the Dungeon
  6617 | D:10     | Received a gift from Nemelex Xobeh
  6704 | D:10     | Noticed a yak
  6704 | D:10     | Noticed a yak
  6721 | D:9      | Noticed a wraith
  6721 | D:9      | Noticed a two-headed ogre
  6721 | D:9      | Noticed a yak
  6721 | D:9      | Noticed a yak
  6721 | D:9      | Noticed a yak
  6738 | D:9      | Found Putesaj's Antique Armour Shoppe.
  6741 | D:9      | Bought a glowing cloak for 157 gold pieces
  6912 | D:8      | Noticed a yak
  6918 | D:8      | Noticed a yak
  6924 | D:8      | Noticed a yak
  6930 | D:8      | Killed a yak
  6936 | D:8      | Killed a yak
  6937 | D:8      | Reached XP level 9. HP: 43/88 MP: 11/11
  7398 | D:8      | Identified the +0 great sword of Golden Subterfuge {venom,
                  | Int+3}
  7682 | D:8      | Reached *** piety under Nemelex Xobeh
  7800 | D:8      | Noticed a death yak
  7806 | D:8      | Reached skill level 5 in Dodging
  7811 | D:8      | Killed a death yak
  7963 | D:8      | Identified the amulet "Gootwyerph" {Reflect SH+5 Stlth+}
  8005 | D:8      | Noticed a two-headed ogre
  8015 | D:8      | Killed a two-headed ogre
  8016 | D:8      | Reached skill level 5 in Invocations
  8016 | D:8      | Reached XP level 10. HP: 84/98 MP: 13/13
  8037 | D:8      | Learned a level 2 spell: Blink
  8198 | D:8      | Reached skill level 1 in Spellcasting
  8214 | D:8      | Reached skill level 1 in Translocations
  9654 | D:9      | Found an ornate altar of the Wu Jian Council.
  9680 | D:9      | Noticed a kobold demonologist
  9688 | D:9      | Killed a kobold demonologist
 10114 | D:9      | Reached XP level 11. HP: 91/107 MP: 16/16
 10513 | D:9      | Received a gift from Nemelex Xobeh
 10584 | D:9      | Found a shimmering blue altar of Sif Muna.
 11558 | D:10     | Killed a two-headed ogre
 11805 | D:10     | Found a staircase to the Lair.
 12075 | D:10     | Noticed a tengu warrior
 12092 | D:10     | Killed a tengu warrior
 12294 | D:10     | Found a glowing silver altar of Zin.
 12754 | D:10     | Received a gift from Nemelex Xobeh
 13009 | D:11     | Reached **** piety under Nemelex Xobeh
 13218 | D:11     | Reached skill level 1 in Armour
 13479 | D:11     | Got the Enchiridion on the Sphinx and Snow
 13528 | D:11     | Reached XP level 12. HP: 118/118 MP: 18/18
 13613 | D:11     | Found a staircase to the Orcish Mines.
 13731 | D:11     | Received a gift from Nemelex Xobeh
 13733 | D:11     | Found a runed translucent door.
 13734 | D:11     | Found a shimmering altar of Xom.
 13734 | D:11     | Noticed VoidStrider's ghost (journeyman TeAE)
 14336 | D:12     | Noticed a boulder beetle
 14357 | D:12     | Killed a boulder beetle
 14460 | D:12     | Received a gift from Nemelex Xobeh
 14615 | D:12     | HP: 3/119 [burnt (12)]
 14617 | D:12     | Incinerated by a smoke demon

Illustrated notes

Levels and vault maps discovered:
D:1:      dpeg_arrival_rooms_with_view, layout_rooms, serial_bayou_lake_a
D:2:      layout_basic, basic_altar, kennysheep_cross_bottleneck,
          interstate_on_off, uniq_robin
D:3:      layout_loops_ring, wander_ebering_terrifying_dragon_lair
D:4:      layout_cave_pools, nicolae_ru_great_annihilating_truth,
          minmay_temple_entry_enclosed_plants, minmay_cupped
D:5:      layout_layer_cave, old_standard_altar
D:6:      nicolae_BIG_FREAKIN_CUBE, layout_cave_pools, xom_teletrap_fun,
          cheibrodos_ashenzari_chains, mainiacjoe_overflow_alcove_2,
          mainiacjoe_overflow_surrounded_room, hellmonk_no_cap,
          uniq_blork_the_orc
D:7:      layout_cave_pools, mainiacjoe_overflow_concentric_impassable,
          grunt_ministairs_10
D:8:      layout_loops_corners, serial_ice, serial_ice_c, serial_ice_n,
          serial_ice_j, serial_ice_b, serial_ice_d, serial_ice_o
D:9:      layout_roguey [special_room_kobold], nicolae_overflow_crystal_walls,
          lemuel_doored_altar, serial_undead, serial_undead_c, serial_undead_e,
          serial_undead_a, serial_undead_c, serial_undead_a, serial_undead_e,
          serial_shops, nicolae_stop_n_shop_1
D:10:     layout_long_grid, zin_statuary, hellmonk_lair_entry_icy,
          nicolae_fountain_basement
D:11:     layout_basic, orc_0_dummy, ebering_ghost_xom, nrook_mini_vaults
D:12:     layout_roguey
Temple:   nicolae_temple_ecumenical_triangle

Skill      XL: |  1  2  3  4  5  6  7  8  9 10 11 12 |
---------------+-------------------------------------+-----
Dodging        | 3 4 5 6 |  6.8
Fighting       | 3 4 5 6 7 |  7.9
Shields        | 1 2 3 4 5 7 8 9 |  9.9
Maces & Flails | 4 5 6 7 8 9 |  9.1
Stealth        | 1 |  1.0
Invocations    | 1 3 5 6 7 8 |  8.1
Throwing       | 3 4 |  4.7
Spellcasting   | 3 4 |  4.6
Translocations | 2 4 |  4.0
Armour         | 1 2 |  2.5

Action                     |  1- 3 |  4- 6 |  7- 9 | 10-12 || total
---------------------------+-------+-------+-------+-------++-------
  Melee: Flail             |   120 |   114 |   208 |   474 ||   916
         Headbutt          |    12 |    19 |    43 |   131 ||   205
  Throw: Throwing net      |     1 |     4 |     5 |       ||    10
         Large rock        |       |     4 |     4 |    19 ||    27
         Dart              |       |     3 |    11 |    15 ||    29
         Boomerang         |       |       |    26 |    25 ||    51
 Invoke: Draw Destruction  |       |       |     5 |     6 ||    11
         Draw Summoning    |       |       |     2 |     3 ||     5
         Triple Draw       |       |       |       |     1 ||     1
    Use: Scroll            |     7 |       |     3 |     6 ||    16
         Potion            |       |       |     2 |     3 ||     5
   Stab: Distracted        |     1 |       |     1 |     1 ||     3
         Sleeping          |       |     2 |     1 |     3 ||     6
         Held in net/web   |       |     2 |     1 |       ||     3
         Invisible         |       |     2 |       |       ||     2
         Paralysed         |       |     1 |       |       ||     1
 Armour: Robe              |   112 |    69 |   159 |   182 ||   522
         Acid dragon scale |       |       |       |    67 ||    67
  Dodge: Dodged            |    65 |    20 |    69 |   154 ||   308
  Block: Tower shield      |    32 |    69 |   212 |   464 ||   777
         Reflection        |       |       |       |    17 ||    17
         Kite shield       |       |       |       |   128 ||   128
